 Dungeon Crawl Stone Soup version 0.25-a0-96-g4073cf80fb (webtiles) character file.

Game seed: 16800719134224005272, levelgen mode: deterministic

202 MisterFreud the Slasher (level 5, 0/34 HPs)
             Began as an Octopode Gladiator on Nov 11, 2019.
             Slain by an ice beast (2 damage)
             ... on level 4 of the Dungeon.
             The game lasted 00:03:24 (2814 turns).

MisterFreud the Slasher (Octopode Gladiator)        Turns: 2814, Time: 00:03:24

Health: 0/34       AC:  1    Str: 13    XL:     5   Next: 80%
Magic:  5/5        EV: 14    Int: 12    God:
Gold:   164        SH:  0    Dex: 13    Spells: 4/4 levels left

rFire    . . .     SeeInvis .   a - +0 long sword
rCold    . . .     Gourm    .   (no shield)
rNeg     . . .     Faith    .   b - +0 hat
rPois    .         Spirit   .   (no amulet)
rElec    .         Reflect  .   (no ring)
rCorr    .         Harm     .   (no ring)
MR       .....                  (no ring)
Stlth    ++........             (no ring)
HPRegen  0.11/turn              (no ring)
MPRegen  0.09/turn              (no ring)
                                (no ring)
                                (no ring)

@: no status effects
A: almost no armour, stealthy swim, amphibious, 8 rings, constrict 8, camouflage
1, gelatinous body 1
a: no special abilities


You were on level 4 of the Dungeon.
You were not hungry.

You visited 1 branch of the dungeon, and saw 4 of its levels.

You collected 164 gold pieces.

Inventory:

Hand Weapons
 a - a +0 long sword (weapon)
Missiles
 c - 3 throwing nets (quivered)
 f - 54 arrows
 g - 37 bolts
 h - 99 stones
 n - 33 sling bullets
 p - 2 javelins
 w - 2 boomerangs
 x - 2 poisoned darts
Armour
 b - a +0 hat (worn)
Jewellery
 r - an uncursed ring of fire {unknown}
Wands
 y - a wand of paralysis (13)
Scrolls
 e - 3 scrolls of enchant armour {unknown}
 j - 2 scrolls of immolation {unknown}
 k - 2 scrolls of remove curse {unknown}
 l - a scroll of noise {unknown}
 m - 4 scrolls of identify {unknown}
 s - a scroll of magic mapping {unknown}
 u - a scroll of amnesia {unknown}
 v - 2 scrolls of teleportation {unknown}
Potions
 i - a potion of heal wounds {unknown}
 o - 2 potions of brilliance {unknown}
 q - a potion of curing {unknown}
 t - 2 potions of magic {unknown}
 z - a potion of might {unknown}
Comestibles
 d - 6 rations


   Skills:
 - Level 2.0 Fighting
 - Level 6.3 Long Blades
 - Level 2.0 Throwing
 + Level 3.0 Dodging


You had 4 spell levels left.
You didn't know any spells.
Your spell library was empty.

Dungeon Overview and Level Annotations

Branches:
Dungeon (4/15)
 Temple: D:4-7

Altars:
Elyvilon
Fedhas
Hepliaklqana
Qazlal
Vehumet
Xom


Innate Abilities, Weirdness & Mutations

You cannot wear most types of armour.
You are very stealthy in the water. (Stealth+)
You are amphibious.
You can wear up to eight rings at the same time.
You can use your tentacles to constrict eight enemies at once.
Your skin changes colour to match your surroundings (Stealth+).
Your rubbery body absorbs attacks. (AC +1, EV +1)


Message History

There is an open door here.
y - a wand of paralysis (13)
Found a leather armour.
An ice beast comes into view.
You see here a scroll labeled KECAANITSO.
An ice beast is nearby!
All of the chunks of flesh in your inventory have rotted away.
You see here a scroll labeled KECAANITSO.
s - a scroll labeled KECAANITSO You hit the ice beast.
You squeeze the ice beast.
The ice beast is moderately wounded.
The ice beast hits you. The ice beast freezes you!
You closely miss the ice beast. You squeeze the ice beast.
The ice beast is heavily wounded.
The ice beast hits you. The ice beast freezes you!
* * * LOW HITPOINT WARNING * * *
You closely miss the ice beast.
The ice beast is heavily wounded.
The ice beast hits you.
You die...

#...........#.#
#...........#.#####
#...........#....<#
###....############
#..........#
#..........#
#..........#
#..........#
#.@Y.......#
######.$...#
#.Y...# #.....#
#.....# #.....#


You could see an ice beast.

Vanquished Creatures
  A scorpion (D:4)
  A bullfrog skeleton (D:4)
  An orc wizard (D:3)
  3 adders
  A worm (D:3)
  6 orcs (D:3)
  5 giant cockroaches
  A hobgoblin (D:3)
  10 jackals
  8 kobolds
  2 quokkas (D:3)
  A ball python (D:3)
  5 bats
  6 frilled lizards
  5 goblins
  9 rats
65 creatures vanquished.

Notes
Turn   | Place    | Note
-------+----------+-------------------------------------------
     0 | D:1      | MisterFreud the Octopode Gladiator began the quest for the
                  | Orb.
     0 | D:1      | Reached XP level 1. HP: 14/14 MP: 1/1
   284 | D:1      | Reached XP level 2. HP: 15/19 MP: 2/2
   940 | D:2      | Found a hazy altar of Hepliaklqana.
   941 | D:2      | Found a blossoming altar of Fedhas.
   943 | D:2      | Found a shimmering altar of Xom.
   946 | D:2      | Reached skill level 4 in Long Blades
   947 | D:2      | Found a radiant altar of Vehumet.
   947 | D:2      | Found a white marble altar of Elyvilon.
   959 | D:2      | Reached XP level 3. HP: 5/24 MP: 3/3
  1735 | D:3      | Reached XP level 4. HP: 27/29 MP: 4/4
  1808 | D:3      | Found a stormy altar of Qazlal.
  2053 | D:3      | Reached skill level 5 in Long Blades
  2317 | D:3      | Reached XP level 5. HP: 11/34 MP: 5/5
  2740 | D:4      | Reached skill level 6 in Long Blades
  2798 | D:4      | Noticed an ice beast
  2814 | D:4      | Slain by an ice beast

Levels and vault maps discovered:
D:1:      dpeg_arrival_snail, layout_basic, hex_large
D:2:      layout_basic, grunt_temple_overflow_open
D:3:      layout_basic, nicolae_qazlal_general_emergency, first_ration,
          serial_bayou_pond_e
D:4:      layout_basic, minmay_crystal_water, uniq_natasha

Skill      XL: |  1  2  3  4  5 |
---------------+----------------+-----
Long Blades    | 4 5 6 |  6.3
Fighting       | |  2.0
Throwing       | |  2.0
Dodging        | |  3.0

Action                   |  1- 3 |  4- 6 || total
-------------------------+-------+-------++-------
Melee: Long sword        |    72 |    44 ||   116
       Constrict         |    25 |    15 ||    40
       Tentacles         |    16 |    14 ||    30
 Stab: Sleeping          |     8 |       ||     8
  Eat: Chunk             |     3 |     3 ||     6
Armor: Skin              |     3 |     3 ||     6
Dodge: Dodged            |    44 |    27 ||    71
       Rpst.: Long sword |    16 |     8 ||    24

Table legend:
 A = Non-vault XP
 B = Vault XP
 C = Vault XP percentage of total XP
 D = Non-vault monster count
 E = Vault monster count
 F = Vault count percentage of total count
                 A         B        C        D         E       F
            +---------+---------+-------+---------+---------+-------
      Total |     289 |       0 |   0.0 |      65 |       0 |   0.0
            +---------+---------+-------+---------+---------+-------
        D:1 |      16 |       0 |   0.0 |      12 |       0 |   0.0
        D:2 |      61 |       0 |   0.0 |      25 |       0 |   0.0
        D:3 |     102 |       0 |   0.0 |      26 |       0 |   0.0
        D:4 |     110 |       0 |   0.0 |       2 |       0 |   0.0
            +---------+---------+-------+---------+---------+-------
